 Dungeon Crawl Stone Soup version 0.32-a0-43-g058985b245 (webtiles) character file.

Game seed: 14669487414640981044

2568 Ceno the Covert (level 9, -1/50 HPs)
             Began as a Vampire Enchanter on Feb 4, 2024.
             Was a Follower of Kikubaaqudgha.
             Slain by a wight
             ... wielding a +3 dire flail
              (10 damage)
             ... on level 8 of the Dungeon.
             The game lasted 00:24:45 (7920 turns).

Ceno the Covert (Vampire Enchanter)                 Turns: 7920, Time: 00:24:46

Health: -1/50      AC:  6    Str:  7    XL:     9   Next: 31%
Magic:  12/15      EV: 12    Int: 21    God:    Kikubaaqudgha [*.....]
Gold:   396        SH:  0    Dex: 21    Spells: 5/16 levels left

rFire   + . .        a - +2 dagger (drain)
rCold   + + .        (no shield)
rNeg    + + +        z - +1 leather armour "Veirool" {Rampage}
rPois   ∞            (no helmet)
rElec   .            s - +0 cloak
rCorr   .            i - +0 pair of gloves
SInv    +            (no boots)
Will    .....        (no amulet)
Stlth   +++++++      r - +6 ring of dexterity
HPRegen 0.00/turn    v - ring of protection from fire
MPRegen 0.14/turn

%: rampage
@: confusing by touch, bloodless, inhibited regen
A: bloodless, fangs 3, see invisible, vampiric 2
a: Bat Form, Revivify, Renounce Religion, Unearth Wretches


You were on level 8 of the Dungeon.
You worshipped Kikubaaqudgha.
Kikubaaqudgha was aware of your devotion.
You visited 2 branches of the dungeon, and saw 9 of its levels.

You collected 396 gold pieces.

Inventory:

Hand Weapons
 a - a +2 dagger of draining (weapon)
 b - a +0 rapier
 G - a +0 falchion
Missiles
 e - 68 stones (quivered)
 o - 6 poisoned darts
 E - a throwing net
Armour
 i - a +0 pair of gloves (worn)
 s - a +0 cloak (worn)
 z - the +1 leather armour "Veirool" (worn) {Rampage}
   (You found it on level 5 of the Dungeon)

   Rampage:   It bestows one free step when moving towards enemies.
Jewellery
 r - a +6 ring of dexterity (left hand)
 v - a ring of protection from fire (right hand)
 x - a ring of magical power
Wands
 y - a wand of flame (17)
Scrolls
 d - 2 scrolls of identify
 g - a scroll of torment {unknown}
 j - 2 scrolls of enchant armour {unknown}
 k - a scroll of silence {unknown}
 m - a scroll of teleportation {unknown}
 t - a scroll of fear {unknown}
 u - a scroll of revelation {unknown}
 w - a scroll of fog
 A - a scroll of immolation {unknown}
 D - a scroll of enchant weapon {unknown}
 F - a scroll of brand weapon {unknown}
Potions
 c - 3 potions of invisibility
 f - a potion of mutation
 h - 2 potions of heal wounds
 l - 2 potions of haste
 p - 2 potions of might
 q - a potion of cancellation
 B - a potion of curing
 C - a potion of brilliance


   Skills:
 + Level 3.0 Fighting
 + Level 6.7 Short Blades
 - Level 2.1 Dodging
 - Level 10.0 Stealth
 - Level 4.0 Spellcasting
 - Level 10.0 Hexes
 + Level 5.1 Necromancy


You had 5 spell levels left.
You knew the following spells:

 Your Spells              Type           Power      Damage    Failure   Level
a - Ensorcelled Hibernat  Hex/Ice        50%        N/A       3%          2
b - Confusing Touch       Hex            46%        N/A       1%          3
c - Tukima's Dance        Hex            46%        N/A       1%          3
d - Dazzling Flash        Conj/Hex       50%        N/A       7%          3

Your spell library contained the following spells:

 Spells                   Type           Power      Damage    Failure   Level
 Kiss of Death            Conj/Necr      56%        2d9       6%          1
 Fugue of the Fallen      Necr           25%        N/A       7%          3
 Vampiric Draining        Necr           25%        2d7       7%          3
 Cigotuvi's Dreadful Rot  Necr/Alch/Air  22%        N/A       14%         2
 Sting                    Conj/Alch      16%        1d4       19%         1
 Summon Small Mammal      Summ           16%        N/A       19%         1
 Dispel Undead            Necr           25%        3d12      22%         4
 Mercury Vapours          Alch/Air       8%         N/A       26%         2
 Scorch                   Fire           8%         2d5       26%         2
 Call Canine Familiar     Summ           4%         N/A       47%         3
 Volatile Blastmotes      Fire/Tloc      8%         2d10      47%         3
 Flame Wave               Conj/Fire      4%         2d5       87%         4
 Fulminant Prism          Conj/Alch      2%         3d5       87%         4
 Iskenderun's Mystic Bla  Conj/Tloc      4%         2d3       87%         4
 Olgreb's Toxic Radiance  Alch           4%         N/A       87%         4
 Summon Blazeheart Golem  Fire/Summ      4%         N/A       87%         4
 Summon Cactus Giant      Summ           2%         N/A       100%        6


Dungeon Overview and Level Annotations

Branches:
Dungeon (8/15)             Temple (1/1) D:6
   Lair: D:8-11

Altars:
Ashenzari
Cheibriados
Dithmenos
Gozag
Hepliaklqana
Kikubaaqudgha
Nemelex Xobeh
Qazlal
Ru
Sif Muna
Uskayaw
Xom
Yredelemnul

Shops:
D:3 *   D:5 ::


Innate Abilities, Weirdness & Mutations

You do not regenerate when monsters are visible.
You are frail without blood (-20% HP).
You can heal yourself when you bite living creatures.
You are immune to poison.
You have razor-sharp teeth.
You have supernaturally acute eyesight. (SInv)
You are afflicted with vampirism and can become a bat while bloodless.


Message History

You hit the kobold brigand but do no damage.
The kobold brigand appears confused.
You bite the kobold brigand, but do no damage.
The kobold shouts!
You hear a shout! x2
You closely miss the kobold brigand.
The kobold brigand gestures wildly.
A wight comes into view.
It is wielding a +3 short sword of freezing.
A kobold comes into view.
It is wielding a +0 short sword of venom.
The kobold falls through a shaft!
The shaft crumbles and collapses.
The kobold shouts!
You hit the wight.
The wight is lightly damaged.
The wight hits you with a +3 dire flail!
The kobold brigand closely misses itself.
The kobold throws a stone.
The stone closely misses you.
The kobold brigand closely misses something.
The wight attacks as it pursues you! The wight barely misses you.
The wight attacks as it pursues you!
The wight hits you with a +3 dire flail!
The kobold brigand closely misses the kobold.
The kobold brigand hits the kobold with a +0 club.
The kobold is killed!
Kikubaaqudgha accepts your kill.
Something barely misses the kobold.
Found a flail.
You open the door.
There is an open door here.
The wight attacks as it pursues you!
The wight hits you with a +3 dire flail.
The wight attacks as it pursues you! The wight closely misses you.
Casting: Confusing Touch (safe; 1% risk of failure)
Confirm with . or Enter, or press ? or * to list all spells.
Your hands begin to glow red.
The wight hits you with a +3 dire flail!
* * * LOW HITPOINT WARNING * * *
You are too injured to fight recklessly!
You barely miss the wight.
The wight hits you with a +3 dire flail!
You die...
Kikubaaqudgha rasps: "You have failed me!
Welcome... oblivion!"

.<.##....##..## #..z...#....#..
.......))#...# #...........#..
...##....'...######.........#####
...##....#...#...##.....#....####
...##...)##..#...####z####.......
...##....##..##..##.K............
...##........##..##.....#########
#####............##.....##.....##
#......#####@##.....##.....#.
#.....##...##zz....>.#.....#.
#....##.....##.......#.....#.
##+###.......##..##.## #..###
#..._...##..##.####..###
#.......#.............#.
##.....##.............'.
#########...###...##...##..##.
#......###.## #...##...##..###


You could see 2 wights.

Vanquished Creatures
  A hornet (D:7)
  3 orc warriors
  2 black bears (D:7)
  3 ogres
  2 centaurs
  3 phantoms
  2 scorpions (D:7)
  A bombardier beetle (D:7)
  3 hounds
  4 orc priests
  A gnoll bouda (D:7)
  A jelly (D:6)
  2 sleepcaps
  Jessica (D:2)
  An iguana (D:5)
  8 orc wizards
  9 gnolls
  12 adders
  2 white imps
  4 ufetubi
  A ribbon worm (D:2)
  A dart slug (D:2)
  25 orcs
  11 endoplasms
  5 giant cockroaches
  7 goblins
  9 hobgoblins
  A jackal (D:1)
  4 quokkas
  5 ball pythons
  4 bats
  7 frilled lizards
  12 kobolds
  7 rats
164 creatures vanquished.

Vanquished Creatures (collateral kills)
  An ogre (D:6)
  2 orc wizards (D:7)
  4 gnolls
  5 orcs
12 creatures vanquished.

Vanquished Creatures (others)
  4 dancing weapons
4 creatures vanquished.

Grand Total: 180 creatures vanquished

Notes
Turn   | Place    | Note
-------+----------+-------------------------------------------
     0 | D:1      | Ceno the Vampire Enchanter began the quest for the Orb.
     0 | D:1      | Reached XP level 1. HP: 13/13 MP: 3/3
     9 | D:1      | Noticed a centaur
    88 | D:1      | Found a faded altar of an unknown god.
   153 | D:1      | Reached XP level 2. HP: 19/19 MP: 5/5
   156 | D:1      | Learned a level 2 spell: Ensorcelled Hibernation
   554 | D:1      | Reached skill level 5 in Stealth
   568 | D:1      | Gained mutation: You are afflicted with vampirism and can
                  | become a bat while bloodless. [Vampire growth]
   568 | D:1      | Reached XP level 3. HP: 18/24 MP: 0/7
   576 | D:1      | Learned a level 3 spell: Confusing Touch
  1322 | D:2      | Reached skill level 5 in Hexes
  1652 | D:2      | Reached XP level 4. HP: 24/24 MP: 8/8
  1656 | D:2      | Learned a level 3 spell: Tukima's Dance
  1878 | D:2      | Noticed Jessica
  1901 | D:2      | Killed Jessica
  2366 | D:3      | Reached XP level 5. HP: 28/28 MP: 6/10
  2373 | D:3      | Learned a level 3 spell: Dazzling Flash
  2789 | D:3      | Found Hexoref's General Store.
  2867 | D:3      | Reached XP level 6. HP: 32/32 MP: 9/12
  3893 | D:4      | Noticed an orc warrior
  4024 | D:3      | Killed an orc warrior
  4025 | D:3      | Reached XP level 7. HP: 36/36 MP: 10/13
  4686 | D:5      | Entered Level 5 of the Dungeon
  4730 | D:5      | Found Gydipsis's Book Shoppe.
  4859 | D:5      | Identified the +1 leather armour "Veirool" {Rampage}
  5499 | D:5      | Found Vowkeuth's Self-Improvement Boutique.
  5709 | D:6      | Found a staircase to the Ecumenical Temple.
  5720 | Temple   | Entered the Ecumenical Temple
  5735 | Temple   | Became a worshipper of Kikubaaqudgha
  5876 | D:6      | Reached skill level 1 in Necromancy
  5913 | D:6      | Found a snail-covered altar of Cheibriados.
  5998 | D:6      | Reached XP level 8. HP: 41/41 MP: 10/14
  6484 | D:6      | Reached skill level 5 in Short Blades
  6593 | D:7      | Noticed a hornet
  6790 | D:7      | Reached * piety under Kikubaaqudgha
  6790 | D:7      | Received a gift from Kikubaaqudgha
  6876 | D:7      | Reached skill level 10 in Stealth
  7006 | D:7      | Reached skill level 1 in Fighting
  7185 | D:7      | Reached XP level 9. HP: 48/48 MP: 7/15
  7241 | D:7      | Reached skill level 10 in Hexes
  7565 | D:7      | Identified the +7 spear of Memisk {drain, rElec rPois Dex+2
                  | Stlth-}
  7634 | D:7      | Reached skill level 5 in Necromancy
  7920 | D:8      | Slain by a wight

Illustrated notes

Levels and vault maps discovered:
D:1:      evilmike_arrival_come_back, layout_basic,
          ebering_ecumenical_altar_petrified, grunt_decor_resistance,
          ebering_dispersal_statue_hall, chequers_serial_rivers_micro_b,
          minmay_pentomino_v4
D:2:      layout_basic, kennysheep_generic_room_15, uniq_jessica
D:3:      layout_loops_ring, serial_shops, shop, chequers_serial_rivers_room_a,
          kennysheep_path_1, kennysheep_generic_room_8
D:4:      layout_basic, nicolae_tricolors
D:5:      layout_loops_corners, serial_shops, kennysheep_mini,
          nicolae_shop_self_help
D:6:      layout_cave_pools, cheibriados_altar_1, minmay_temple_entry_wispy,
          serial_bayou_pond_c
D:7:      layout_cave_pools
D:8:      layout_gridville, lemuel_round_altar, jmf_multi_god_temple2,
          nicolae_the_louvre
Temple:   jpeg_temple_clearing

Skill      XL: |  1  2  3  4  5  6  7  8  9 |
---------------+----------------------------+-----
Stealth        | 5 6 7 9 10 | 10.0
Hexes          | 5 6 7 8 9 10 | 10.0
Spellcasting   | 3 4 |  4.0
Short Blades   | 3 4 6 |  6.7
Necromancy     | 1 4 5 |  5.1
Fighting       | 1 3 |  3.0
Dodging        | |  2.1

Action                     |  1- 3 |  4- 6 |  7- 9 || total
---------------------------+-------+-------+-------++-------
  Melee: Dagger            |    99 |   166 |   192 ||   457
         Bite              |     5 |    18 |    23 ||    46
         Punch             |       |     2 |     1 ||     3
  Throw: Stone             |       |     2 |     3 ||     5
   Cast: Ensorcelled Hiber |    10 |     4 |     2 ||    16
         Confusing Touch   |     5 |    24 |    34 ||    63
         Tukima's Dance    |       |     9 |    15 ||    24
         Dazzling Flash    |       |       |     6 ||     6
Ability: Exsanguinate      |     1 |       |       ||     1
    Use: Scroll            |       |     4 |     4 ||     8
   Stab: Sleeping          |    23 |    11 |    27 ||    61
         Confused          |     1 |     8 |    22 ||    31
         Distracted        |       |     2 |       ||     2
         Invisible         |       |       |     8 ||     8
 Armour: Robe              |    29 |    55 |     5 ||    89
         Leather armour    |       |       |    85 ||    85
  Dodge: Dodged            |    40 |    65 |    91 ||   196

Table legend: (Time is in decaauts)
 A = Elapsed time spent in this place.
 B = Non-inter-level travel time spent in this place.
 C = Inter-level travel time spent in this place.
 D = Time resting spent in this place.
 E = Time spent auto-exploring this place.
 F = Levels seen in this place.
 G = Mean time per level.
                   A        B        C        D        E       F      G
               +--------+--------+--------+--------+--------+-----+--------+
         Total |   7863 |   7589 |    274 |    820 |   4615 |   9 |  873.7 |
       Dungeon |   7832 |   7572 |    260 |    820 |   4615 |   8 |  979.0 |
        Temple |     30 |     16 |     14 |      0 |      0 |   1 |   30.0 |
               +--------+--------+--------+--------+--------+-----+--------+

Top non-repeatable levels by time:
     D:1: 1274 daAuts
     D:3: 1203 daAuts
     D:6: 1135 daAuts
     D:4: 1132 daAuts
     D:2: 1056 daAuts
     D:5: 1049 daAuts
     D:7: 814 daAuts
     D:8: 167 daAuts
  Temple: 30 daAuts
